 Dungeon Crawl Stone Soup version 0.26-a0-639-g72c4674329 (webtiles) character file.

Game seed: 5233162759926697433

1449 DogServant the Shield-Bearer (level 8, 0/53 HPs)
             Began as a Gargoyle Fighter on Sept 19, 2020.
             Slain by an orc warrior
             ... wielding a +0 halberd
              (12 damage)
             ... on level 6 of the Dungeon.
             The game lasted 00:14:05 (5748 turns).

DogServant the Shield-Bearer (Gargoyle Fighter)     Turns: 5748, Time: 00:14:06

Health: 0/53       AC: 18    Str: 20    XL:     8   Next: 75%
Magic:  8/8        EV:  7    Int: 16    God:
Gold:   258        SH: 10    Dex: 10    Spells: 7/7 levels left

rFire    x . .     SeeInvis .   a - +1 flail
rCold    + + .     Faith    .   c - +0 kite shield
rNeg     + . .     Spirit   .   r - +1 ice dragon scales
rPois    ∞         Reflect  .   (no helmet)
rElec    +         Harm     .   (no cloak)
rCorr    .         Rampage  .   (no gloves)
MR       .....                  j - +0 pair of boots
Stlth    ..........             (no amulet)
HPRegen  0.17/turn              v - +6 ring of intelligence
MPRegen  0.11/turn              (no ring)

@: no status effects
A: negative energy resistance 1, electricity resistance, unbreathing,
petrification resistance, rot immunity, AC +5
a: no special abilities


You were on level 6 of the Dungeon.
You visited 2 branches of the dungeon, and saw 7 of its levels.
You also visited: Sewer.

You collected 258 gold pieces.

Inventory:

Hand Weapons
 a - a +1 flail (weapon)
Armour
 c - a +0 kite shield (worn)
 j - a +0 pair of boots (worn)
 l - a +0 tower shield
 r - +1 ice dragon scales (worn)
Jewellery
 v - a +6 ring of intelligence (left hand)
Wands
 b - a wand of flame (19)
 o - a wand of polymorph (6)
Scrolls
 f - 6 scrolls of identify
 h - a scroll of enchant armour
 m - 5 scrolls of remove curse
 n - 3 scrolls of enchant weapon
 u - a scroll of amnesia
 x - a scroll of magic mapping
Potions
 d - a potion of brilliance
 e - a potion of berserk rage
 g - 5 potions of stabbing {unknown}
 i - 6 potions of curing {unknown}
 k - a potion of haste {unknown}
 p - 6 potions of heal wounds {unknown}
 s - 2 potions of flight {unknown}
 t - a potion of mutation {unknown}


   Skills:
 + Level 7.4 Fighting
 + Level 6.2 Maces & Flails
 - Level 3.6 Armour
 + Level 7.4 Shields


You had 7 spell levels left.
You didn't know any spells.
Your spell library contained the following spells:

 Spells                   Type           Power        Failure   Level
 Sting                    Tmut/Pois      #...         93%         1
 Poisonous Vapours        Pois/Air       #.....       98%         2
 Ignite Poison            Fire/Tmut/Pois #.......     100%        3
 Mephitic Cloud           Conj/Pois/Air  #.......     100%        3
 Olgreb's Toxic Radiance  Pois           #.......     100%        4


Dungeon Overview and Level Annotations

Branches:
Dungeon (6/15)             Temple (1/1) D:4           Sewer (visited)

Altars:
Ashenzari
Cheibriados
Dithmenos
Fedhas
Gozag
Hepliaklqana
Kikubaaqudgha
Makhleb
Nemelex Xobeh
Okawaru
Qazlal
Ru
Trog
Uskayaw
Vehumet
Wu Jian
Xom
Yredelemnul
Zin
The Shining One

Shops:
D:4 *


Innate Abilities, Weirdness & Mutations

You are resistant to torment.
Your stone body is resilient. (AC +5)
You are immune to poison.
You resist negative energy. (rN+)
You are resistant to electric shocks. (rElec)
You can survive without breathing.
You are immune to petrification.
You are immune to rotting.


Message History

The orc wizard flickers and vanishes!
Deactivating autopickup; reactivate with Ctrl-A.
There is an open door here.
You sock the orc!
You kill the orc!
You barely miss the orc. You block the orc warrior's attack.
The orc hits you but does no damage.
You sock the orc warrior!
The orc warrior is heavily wounded.
You block the orc's attack.
The orc warrior hits you with a +0 halberd!
* * * LOW HITPOINT WARNING * * *
You hit the orc warrior but do no damage.
The orc warrior is heavily wounded.
A magic dart appears from out of thin air!
The magic dart hits you.
* * * LOW HITPOINT WARNING * * *
The orc hits you but does no damage.
The orc warrior hits you with a +0 halberd!
You die...

#........##...##...##...
#........##...##...##...
#..................##...
######.............#####
#...##..................
#....#..................
#....#..................
#....#...##...##...##...
#....#.@.##+####..[##...
#....#o.o..........#####
#....){.................
#...##...##.............
#...##...##.............
#..o#.........##...##...
#...##........##########
#...##........#
#...).........#


You could see an orc warrior and an orc.

Vanquished Creatures
  A sky beast (D:6)
  An ogre (D:4)
  An ice beast (D:6)
  A centaur (D:6)
  3 big kobolds (Sewer)
  A water moccasin skeleton (D:6)
  A hound (D:4)
  2 orc wizards
  8 orc priests
  Jessica (D:2)
  A bullfrog skeleton (D:3)
  3 worker ants (D:4)
  Terence (D:2)
  2 iguanas (D:4)
  Robin (D:4)
  A howler monkey zombie (D:5)
  4 gnolls (D:3)
  5 adders
  4 oozes
  4 adder skeletons
  3 worms
  A dart slug (D:1)
  5 leopard geckos
  25 orcs
  2 bat zombies (D:2)
  13 giant cockroaches
  16 goblins
  12 hobgoblins
  9 jackals
  A quokka (D:3)
  A ball python (Sewer)
  A ball python skeleton (D:2)
  8 bats
  7 frilled lizards
  A giant cockroach zombie (D:6)
  15 kobolds
  6 rats
  3 rat zombies (D:2)
175 creatures vanquished.

Vanquished Creatures (others)
  3 plants (Sewer)
  4 withered plants (D:2)
7 creatures vanquished.

Grand Total: 182 creatures vanquished

Notes
Turn   | Place    | Note
-------+----------+-------------------------------------------
     0 | D:1      | DogServant the Gargoyle Fighter began the quest for the
                  | Orb.
     0 | D:1      | Reached XP level 1. HP: 14/14 MP: 1/1
    95 | D:1      | Reached XP level 2. HP: 19/19 MP: 2/2
   628 | D:2      | Found an iron altar of Okawaru.
   640 | D:2      | Noticed Terence
   655 | D:2      | Killed Terence
   655 | D:2      | Reached XP level 3. HP: 15/24 MP: 3/3
   774 | D:2      | Found a basalt altar of Yredelemnul.
   934 | D:2      | Reached XP level 4. HP: 29/29 MP: 4/4
   936 | D:2      | Found a sparkling altar of Nemelex Xobeh.
  1114 | D:2      | Noticed Jessica
  1121 | D:2      | Killed Jessica
  1296 | D:2      | Found an ancient bone altar of Kikubaaqudgha.
  1357 | D:3      | Reached XP level 5. HP: 29/34 MP: 5/5
  1704 | D:3      | Found a glowing drain.
  1713 | Sewer    | Entered a sewer
  1775 | Sewer    | Noticed a big kobold
  1789 | Sewer    | Killed a big kobold
  1789 | Sewer    | Reached XP level 6. HP: 38/40 MP: 6/6
  1987 | Sewer    | Reached skill level 5 in Fighting
  1987 | Sewer    | Reached skill level 5 in Shields
  2397 | D:3      | Found a hide-covered altar of Uskayaw.
  2407 | D:3      | Reached XP level 7. HP: 43/44 MP: 7/7
  2954 | D:3      | Found a stormy altar of Qazlal.
  3251 | D:4      | Found a staircase to the Ecumenical Temple.
  3267 | Temple   | Entered the Ecumenical Temple
  3397 | D:4      | Noticed Robin
  3426 | D:4      | Killed Robin
  3430 | D:4      | Found an opulent altar of Gozag.
  3435 | D:4      | Found Gozag's Platinum Reserve.
  3788 | D:4      | Reached skill level 5 in Maces & Flails
  4038 | D:5      | Entered Level 5 of the Dungeon
  4104 | D:5      | Reached XP level 8. HP: 43/52 MP: 8/8
  4679 | D:6      | Found an ancient bone altar of Kikubaaqudgha.
  5748 | D:6      | Slain by an orc warrior

Illustrated notes

Levels and vault maps discovered:
D:1:      minmay_arrival_stair_chambers, layout_loops_cross, st_stairs_1
D:2:      layout_rooms, lemuel_round_altar, nemelex_xobeh_ov_fountains_minmay,
          lemuel_zombie_altar_kikubaaqudgha, serial_undead, serial_undead_e,
          serial_undead_e, serial_undead_f, serial_undead_b,
          kennysheep_okawaru_gauntlet, uniq_jessica, uniq_terence
D:3:      layout_basic, grunt_qazlal_clouds, eat_drink_and_be_merry_uskayaw,
          portal_sewer_entry_f
D:4:      layout_loops_ring, minmay_temple_entry_glassed_door,
          nicolae_gozag_zags_fifth_avenue, uniq_robin
D:5:      layout_rooms, solitary_fountain
D:6:      layout_gridville, basic_altar
Temple:   nicolae_temple_great_sept

Skill      XL: |  1  2  3  4  5  6  7  8 |
---------------+-------------------------+-----
Fighting       | 4 5 6 7 |  7.4
Shields        | 4 5 6 7 |  7.4
Maces & Flails | 3 4 5 6 |  6.2
Armour         | |  3.6

Action                   |  1- 3 |  4- 6 |  7- 9 || total
-------------------------+-------+-------+-------++-------
Melee: Flail             |    71 |   249 |   327 ||   647
  Use: Potion            |     1 |       |     3 ||     4
       Scroll            |       |     3 |     5 ||     8
Armor: Scale mail        |    60 |   299 |       ||   359
       Ice dragon scales |       |     4 |   179 ||   183
Dodge: Dodged            |    32 |   176 |    95 ||   303
Block: Kite shield       |    68 |   244 |   167 ||   479

Table legend: (Time is in decaauts)
 A = Elapsed time spent in this place.
 B = Non-inter-level travel time spent in this place.
 C = Inter-level travel time spent in this place.
 D = Time resting spent in this place.
 E = Time spent auto-exploring this place.
 F = Levels seen in this place.
 G = Mean time per level.
                   A        B        C        D        E       F      G
               +--------+--------+--------+--------+--------+-----+--------+
         Total |   5944 |   5691 |    253 |    810 |   3456 |   8 |  743.0 |
       Dungeon |   5384 |   5131 |    253 |    810 |   3107 |   6 |  897.3 |
        Temple |    120 |    120 |      0 |      0 |     65 |   1 |  120.0 |
         Sewer |    439 |    439 |      0 |      0 |    284 |   1 |  439.0 |
               +--------+--------+--------+--------+--------+-----+--------+

Top non-repeatable levels by time:
     D:3: 1526 daAuts
     D:6: 1093 daAuts
     D:2: 745 daAuts
     D:4: 732 daAuts
     D:5: 649 daAuts
     D:1: 636 daAuts
   Sewer: 439 daAuts
  Temple: 120 daAuts
